AoeStats
← AiM | Facu1414

African Clearing

505812900Analyzed
4v4 RM · 20d ago on Sep 11, 2026· 45m 8s· 8 players
Game mode
Random Map
Map size
Large (8 player)
Population
200
Speed
Normal
Resources
Standard
Victory
Conquest
Starting age
Dark Age
Ending age
Imperial Age
RankedLock teamsTeams togetherTeam positionsShared explorationLock speedFull tech treeHidden civsTurbo modeCheats
Victory
Defeat
🇦🇷 Cumans · Argentina
1601
+8
🇦🇷 Vietnamese · Argentina
1579
+9
🇨🇱 Magyars · Chile
1538
+11
🇦🇺 Tupi · Australia
1393
+17
🇧🇷 Spanish · Brazil
1483
-14
🇧🇷 Tupi · Brazil
1426
-11
🇧🇷 Berbers · Brazil
1409
-11
🇧🇷 Persians · Brazil
1345
-9
TmZ_Zanat
3:04 Loom
13:13 Feudal Age
14:34 Double-Bit Axe
17:20 Fletching
21:51 Town Watch
22:42 Wheelbarrow
28:58 Castle Age
27:40 Scale Barding Armor
28:57 Horse Collar
29:09 Gold Mining
29:09 Stone Mining
30:00 Pikeman
TmZ_ piccoLo sayajiN-*
5:41 Loom
13:19 Feudal Age
16:49 Castle Age
15:59 Padded Archer Armor
20:06 Double-Bit Axe
34:17 Town Watch
35:44 Leather Archer Armor
35:58 Husbandry
37:40 Bloodlines
TmZ_razi
2:47 Loom
11:41 Feudal Age
17:46 Castle Age
17:41 Forging
26:24 Scale Mail Armor
26:40 Pikeman
32:00 Squires
36:43 Redemption
36:43 Fletching
38:50 Double-Bit Axe
40:01 Padded Archer Armor
41:16 Champi Runner
42:48 Horse Collar
44:57 Town Watch
45:48 Wheelbarrow
TmZ_Mosquito Sedutor
5:29 Loom
14:27 Feudal Age
15:33 Town Watch
18:02 Bloodlines
18:49 Scale Barding Armor
20:04 Forging
27:46 Castle Age
30:40 Husbandry
36:30 Double-Bit Axe
36:58 Horse Collar
37:57 Chain Barding Armor
39:35 Wheelbarrow
40:37 Iron Casting
41:05 Heavy Plow
41:20 Bow Saw
44:39 Hand Cart
AiM | PoRRo
10:09 Loom
12:21 Feudal Age
12:55 Double-Bit Axe
16:11 Scale Barding Armor
20:18 Bloodlines
27:59 Castle Age
28:06 Light Cavalry
29:08 Chain Barding Armor
29:50 Husbandry
38:02 Wheelbarrow
39:22 Gold Mining
40:47 Gold Shaft Mining
40:30 Horse Collar
44:56 Hand Cart
45:31 Town Watch
AiM | Facu1414
8:30 Loom
14:48 Feudal Age
15:56 Double-Bit Axe
17:00 Scale Barding Armor
17:05 Forging
19:51 Castle Age
17:48 Horse Collar
18:56 Bloodlines
22:05 Chain Barding Armor
27:26 Fletching
27:36 Padded Archer Armor
29:47 Ballistics
30:52 Bodkin Arrow
35:37 Town Watch
36:29 Thumb Ring
37:46 Leather Archer Armor
38:13 Capped Ram
AIM | Agua cate 98
3:29 Loom
3:59 Loom
8:50 Loom
11:42 Feudal Age
12:38 Double-Bit Axe
13:47 Forging
16:08 Scale Barding Armor
16:57 Horse Collar
18:50 Wheelbarrow
19:20 Bloodlines
20:14 Town Watch
25:15 Castle Age
30:55 Bow Saw
30:40 Fletching
31:53 Stone Mining
32:24 Heavy Plow
33:24 Gold Mining
33:36 Padded Archer Armor
35:48 Bodkin Arrow
36:09 Leather Archer Armor
36:11 Devotion
40:19 Imperial Age
40:05 Ballistics
40:25 Elite Rattan Archer
43:16 Chemistry
42:59 Bracer
45:16 Paper Money
45:58 Ring Archer Armor
Boga
7:03 Loom
14:03 Feudal Age
14:59 Double-Bit Axe
15:43 Fletching
19:34 Town Watch
27:41 Castle Age
26:18 Horse Collar
28:55 Bodkin Arrow
30:13 Heavy Plow
34:24 Wheelbarrow
37:39 Bow Saw
37:41 Gold Mining
40:42 Squires
40:03 Champi Runner
41:02 Scale Mail Armor
41:30 Forging
41:48 Arson
42:26 Chain Mail Armor
42:22 Champi Warrior
43:32 Caciques
44:47 Iron Casting
Connection lost

Rejoining the realm…

Still unreachable

The connection could not be restored.

Session expired

The server has moved on; the page needs a fresh start.